 Dungeon Crawl Stone Soup version 0.31-a0-95-g6fa058ef04 (webtiles) character file.

Game seed: 662888076757503712

12355 frimble the Geomancer (level 11, -3/75 HPs)
             Began as an Octopode Warper on May 25, 2023.
             Was a High Priest of Cheibriados.
             Killed from afar by a white imp (9 damage)
             ... with a puff of frost
             ... on level 10 of the Dungeon.
             The game lasted 00:20:26 (9596 turns).

frimble the Geomancer (Octopode Warper)             Turns: 9596, Time: 00:20:26

Health: -3/75      AC:  1    Str: 23    XL:     11   Next: 92%
Magic:  14/17      EV: 16    Int: 32    God:    Cheibriados [*****.]
Gold:   617        SH:  0    Dex: 23    Spells: 5/18 levels left

rFire   . . .        u - +3 dagger (venom)
rCold   . . .        (no shield)
rNeg    + . .        (helmet restricted)
rPois   +            n - amulet of regeneration
rElec   .            j - ring of poison resistance
rCorr   .            h - ring of see invisible
SInv    +            o - ring of positive energy
Will    .....        (no ring)
Stlth   +++++        (no ring)
HPRegen 1.12/turn    (no ring)
MPRegen 0.15/turn    (no ring)
                     (no ring)

%: no passive effects
@: on blink cooldown, very slow
A: almost no armour, amphibious, 8 rings, camouflage 1, gelatinous body 1,
(nimble swimmer 1), tentacles
a: Renounce Religion, Bend Time, Temporal Distortion, Slouch, Step From Time


You were on level 10 of the Dungeon.
You worshipped Cheibriados.
Cheibriados was extremely pleased with you.
You visited 2 branches of the dungeon, and saw 12 of its levels.
You also visited: Bailey.

You collected 617 gold pieces.

Inventory:

Hand Weapons
 p - a +3 short sword
 u - a +3 dagger of venom (weapon)
 C - the +8 flail of Indomitability {antimagic, Dex+5 Stlth-}
   (You found it in a bailey)

   Dex:       It affects your dexterity (+5).
   Stlth:     It makes you less stealthy.
 D - a +0 scimitar of holy wrath
Missiles
 c - 7 boomerangs of dispersal
 k - 7 boomerangs
 F - 2 throwing nets
Jewellery
 a - a ring of fire
 h - a ring of see invisible (right tentacle)
 j - a ring of poison resistance (left tentacle)
 n - an amulet of regeneration (around mantle)
 o - a ring of positive energy (on tentacle)
 G - a ring of protection from fire
Wands
 q - a wand of flame (70)
 t - a wand of polymorph (19)
 E - a wand of mindburst (20)
Scrolls
 b - 2 scrolls of blinking
 f - a scroll of teleportation
 m - a scroll of immolation
 v - a scroll of enchant weapon
 w - a scroll of noise
 y - a scroll of fog
 H - 2 scrolls of identify
 I - a scroll of amnesia
Potions
 d - 2 potions of curing
 e - a potion of brilliance
 g - 2 potions of ambrosia
 i - a potion of cancellation
 l - 4 potions of haste
 r - 2 potions of degeneration
 s - a potion of attraction {unknown}
 x - a potion of mutation {unknown}
 z - a potion of lignification {unknown}
 A - 2 potions of magic
 B - a potion of might


   Skills:
 - Level 7.0 Fighting
 + Level 7.5 Short Blades
 - Level 1.0 Throwing
 - Level 4.0 Dodging
 - Level 6.3 Stealth
 - Level 4.1 Spellcasting
 - Level 6.0 Conjurations
 - Level 3.0 Translocations
 + Level 9.3 Earth Magic
 + Level 6.9 Invocations
 + Level 7.0 Evocations


You had 5 spell levels left.
You knew the following spells:

 Your Spells              Type           Power      Damage    Failure   Level
a - Blink                 Tloc           50%        N/A       2%          2
b - Stone Arrow           Conj/Erth      100%       3d13      1%          3
c - Teleport Other        Tloc           25%        N/A       4%          3
d - Lee's Rapid Deconstr  Erth           30%        3d16*     3%          5

Your spell library contained the following spells:

 Spells                   Type           Power      Damage    Failure   Level
 Lesser Beckoning         Tloc           50%        N/A       2%          2
 Slow                     Hex            24%        N/A       5%          1
 Vhi's Electric Charge    Tloc/Air       24%        N/A       11%         3
 Volatile Blastmotes      Fire/Tloc      24%        2d12      11%         3
 Iskenderun's Mystic Bla  Conj/Tloc      32%        2d8       11%         4
 Manifold Assault         Tloc           25%        N/A       16%         4
 Confusing Touch          Hex            6%         N/A       17%         3
 Vampiric Draining        Necr           6%         2d6       17%         3
 Fulminant Prism          Conj/Hex       11%        3d8       21%         4
 Lehudib's Crystal Spear  Conj/Erth      25%        10d7      100%        8
 Animate Armour           Summ/Erth      Unusable   N/A       N/A         4

Dungeon Overview and Level Annotations

Branches:
Dungeon (11/15)            Temple (1/1) D:5             Orc (0/2) D:11
 Bailey (visited)
   Lair: D:8-11

Altars:
Ashenzari
Cheibriados
Dithmenos
Elyvilon
Fedhas
Hepliaklqana
Kikubaaqudgha
Makhleb
Okawaru
Qazlal
Ru
Trog
Uskayaw
Wu Jian
Xom
Yredelemnul
Zin
The Shining One

Annotations:
D:3 2 transporters
D:9 4 transporters


Innate Abilities, Weirdness & Mutations

You cannot wear most types of armour.
You are amphibious.
You can wear up to eight rings at the same time.
Your skin changes colour to match your surroundings (Stealth+).
Your rubbery body absorbs attacks. (AC +1, EV +1)
((You are camouflaged when in or above water. (Stealth+)))
You have tentacles for arms and can constrict up to eight enemies at once.


Message History

You hit the vampire mosquito. You squeeze the vampire mosquito.
The vampire mosquito is severely damaged.
You constrict the vampire mosquito. The vampire mosquito barely misses you.
The vampire mosquito bites you.
The vampire mosquito draws strength from your injuries!
The white imp gestures at you. The puff of frost misses you.
The vampire mosquito misses you.
You hit the vampire mosquito.
Your squeeze misses the vampire mosquito.
The vampire mosquito is almost destroyed.
You constrict the vampire mosquito.
You destroy the vampire mosquito!
Cheibriados thoroughly appreciates the change of pace.
The vampire mosquito misses you. The white imp gestures at you.
The puff of frost hits you!
* * * LOW HITPOINT WARNING * * *
The vampire mosquito misses you.
Okay, then.
You barely miss the vampire mosquito. Your grab misses the vampire mosquito.
Your squeeze misses the vampire mosquito.
The vampire mosquito misses you.
You hit the vampire mosquito but do no damage.
Your grab misses the vampire mosquito. You squeeze the vampire mosquito!
The vampire mosquito is moderately damaged.
You feel stable enough to blink again.
The white imp shouts, "Out, out, thou infectious clapper-clawed lewdster!"
The white imp hits you.
* * * LOW HITPOINT WARNING * * *
The white imp freezes you.
* * * LOW HITPOINT WARNING * * *
The vampire mosquito bites you!
* * * LOW HITPOINT WARNING * * *
The vampire mosquito draws strength from your injuries!
Casting: Blink (safe; 2% risk of failure)
Confirm with . or Enter, or press ? or * to list all spells.
You blink.
The white imp gestures at you. The puff of frost hits you!
You die...

##########.......... ...
#..............#.... ###
#....y§............. ..
#..>.5.............. ...
#................... ...
#...................
#........)..........
..########''##+###########
............@............#
########.................#
#.................#
#.....########....#
#.....# #....###' #.....#
#..>..).. #.....#
#........ #.....#
#........ #.....#
#........


You could see a vampire mosquito and a white imp.

Vanquished Creatures
  4 two-headed ogres
  Nergalle (D:10)
  A deep troll (D:9)
  Maurice (D:8)
  2 gargoyles
  A komodo dragon (D:11)
  Psyche (D:8)
  7 trolls (D:9)
  Prince Ribbit (D:8)
  14 yaks
  A vampire (Bailey)
  2 steam dragons
  A vampire mosquito (D:10)
  An ice beast (D:6)
  An orc warrior (D:8)
  4 black bears
  A sky beast (D:4)
  2 centaurs
  2 ogres
  2 kobold brigands
  6 bullfrogs
  6 scorpions
  A gnoll sergeant (D:10)
  2 howler monkeys (D:10)
  6 vampire bats (Bailey)
  4 wolf zombies (Bailey)
  2 orc priests
  5 hounds
  A jelly (D:6)
  7 iguanas
  6 orc wizards
  Ijyb (D:4)
  Robin (D:2)
  5 gnolls
  6 adders
  2 shadow imps
  10 white imps
  A worm (D:4)
  3 dart slugs
  26 orcs
  4 endoplasms
  3 giant cockroaches
  17 goblins
  7 hobgoblins
  3 quokkas
  9 ball pythons
  9 bats
  2 frilled lizards
  16 kobolds
  24 orc zombies (Bailey)
  2 rats (D:1)
247 creatures vanquished.

Vanquished Creatures (others)
  A butterfly (D:8)
1 creature vanquished.

Grand Total: 248 creatures vanquished

Notes
Turn   | Place    | Note
-------+----------+-------------------------------------------
     0 | D:1      | frimble the Octopode Warper began the quest for the Orb.
     0 | D:1      | Reached XP level 1. HP: 14/14 MP: 3/3
   239 | D:1      | You fall into a shaft and drop 1 floor!
   293 | D:2      | Reached XP level 2. HP: 16/19 MP: 5/5
   310 | D:2      | Noticed Robin
   317 | D:2      | Killed Robin
   318 | D:2      | Reached XP level 3. HP: 10/24 MP: 6/6
   399 | D:2      | Found a shimmering altar of Xom.
  1070 | D:2      | Learned a level 2 spell: Blink
  1074 | D:2      | Learned a level 3 spell: Stone Arrow
  1146 | D:2      | Reached XP level 4. HP: 28/29 MP: 7/7
  1181 | D:2      | Reached skill level 1 in Conjurations
  1181 | D:2      | Reached skill level 1 in Earth Magic
  1564 | D:3      | Found a transporter.
  1573 | D:3      | Found a transporter.
  1976 | D:4      | Noticed a black bear
  2529 | D:3      | Killed a black bear
  2530 | D:3      | Reached skill level 2 in Earth Magic
  2530 | D:3      | Reached XP level 5. HP: 26/34 MP: 2/8
  2648 | D:4      | Reached skill level 3 in Earth Magic
  2648 | D:4      | Reached XP level 6. HP: 26/39 MP: 2/9
  2731 | D:4      | Found a shadowy altar of Dithmenos.
  3015 | D:4      | Noticed Ijyb
  3015 | D:4      | Noticed a sky beast
  3026 | D:4      | Killed Ijyb
  3036 | D:4      | Killed a sky beast
  3037 | D:4      | Reached skill level 4 in Earth Magic
  3037 | D:4      | Reached XP level 7. HP: 41/45 MP: 1/10
  3194 | D:4      | Found a blossoming altar of Fedhas.
  3413 | D:5      | Entered Level 5 of the Dungeon
  3541 | D:5      | Found a staircase to the Ecumenical Temple.
  3548 | D:5      | Reached skill level 5 in Conjurations
  3548 | D:5      | Reached skill level 5 in Earth Magic
  3553 | Temple   | Entered the Ecumenical Temple
  3601 | Temple   | Became a worshipper of Cheibriados the Contemplative
  3694 | D:5      | Reached XP level 8. HP: 26/50 MP: 1/11
  4255 | D:6      | Reached * piety under Cheibriados
  4266 | D:6      | Reached skill level 6 in Earth Magic
  4303 | D:6      | HP: 2/50 [black bear (7)]
  4597 | D:6      | Reached skill level 1 in Stealth
  4615 | D:6      | Reached XP level 9. HP: 54/55 MP: 8/15
  4990 | D:7      | Reached ** piety under Cheibriados
  5350 | D:8      | Found a flagged portal.
  5363 | Bailey   | Entered a bailey
  5422 | Bailey   | Learned a level 3 spell: Teleport Other
  5824 | Bailey   | Reached skill level 7 in Earth Magic
  5825 | Bailey   | Reached *** piety under Cheibriados
  5830 | Bailey   | Reached skill level 5 in Stealth
  5840 | Bailey   | Noticed a gargoyle
  5846 | Bailey   | Killed a gargoyle
  5847 | Bailey   | Reached skill level 5 in Fighting
  6105 | Bailey   | Identified the +8 flail of Indomitability {antimagic, Dex+5
                  | Stlth-}
  6356 | D:8      | Noticed Prince Ribbit
  6361 | D:8      | Noticed a two-headed ogre
  6383 | D:8      | Noticed Psyche
  6403 | D:8      | Killed Prince Ribbit
  6404 | D:8      | Reached XP level 10. HP: 54/69 MP: 5/16
  6428 | D:8      | Killed a two-headed ogre
  6463 | D:9      | Reached **** piety under Cheibriados
  6532 | D:9      | Found a transporter.
  6563 | D:10     | Entered Level 10 of the Dungeon
  6563 | D:10     | Noticed Nergalle
  6591 | D:9      | Found a transporter.
  6628 | D:9      | Learned a level 5 spell: Lee's Rapid Deconstruction
  6636 | D:9      | Noticed a two-headed ogre
  6643 | D:9      | Killed a two-headed ogre
  6805 | D:8      | Noticed Maurice
  6805 | D:8      | Found a shimmering altar of Xom.
  6820 | D:8      | Killed Maurice
  6821 | D:8      | Reached skill level 5 in Short Blades
  7037 | D:8      | Noticed a two-headed ogre
  7041 | D:8      | Killed a two-headed ogre
  7160 | D:8      | Reached skill level 8 in Earth Magic
  7160 | D:8      | Reached XP level 11. HP: 74/75 MP: 17/17
  7215 | D:8      | Killed Psyche
  7216 | D:8      | Reached skill level 5 in Evocations
  7620 | D:9      | Reached skill level 5 in Invocations
  8123 | D:9      | Noticed a deep troll
  8143 | D:9      | Killed a deep troll
  8368 | D:9      | Reached ***** piety under Cheibriados
  8576 | D:9      | Found a transporter.
  8628 | D:9      | Found an ancient bone altar of Kikubaaqudgha.
  8628 | D:9      | Found a hide-covered altar of Uskayaw.
  8635 | D:9      | Found a basalt altar of Yredelemnul.
  8637 | D:9      | Found a white marble altar of Elyvilon.
  8639 | D:9      | Found a broken altar of Ashenzari.
  8733 | D:9      | Found a transporter.
  9171 | D:10     | Killed Nergalle
  9172 | D:10     | Reached skill level 9 in Earth Magic
  9243 | D:10     | Found a hazy altar of Hepliaklqana.
  9243 | D:10     | Found an iron altar of Okawaru.
  9279 | D:10     | Noticed a death yak
  9316 | D:10     | Noticed a two-headed ogre
  9321 | D:10     | Killed a two-headed ogre
  9396 | D:11     | Found a staircase to the Orcish Mines.
  9452 | D:10     | Noticed a death yak
  9466 | D:11     | Noticed a deep elf pyromancer
  9596 | D:10     | Killed from afar by a white imp

Illustrated notes

Levels and vault maps discovered:
D:1:      kilobyte_arrival_exit_the_forest, layout_loops_cross
D:2:      layout_loops_ring, basic_altar, uniq_robin
D:3:      gammafunk_wand_slinger, layout_loops_ring, minmay_fractal_squares_5
D:4:      layout_cave_pools, mainiacjoe_overflow_boulevard,
          mainiacjoe_overflow_alcove_4, serial_glass, glass_columns_c,
          glass_columns_c, glass_columns_c, glass_columns_c, glass_columns_b,
          glass_columns_b, glass_columns_a, glass_columns_a, uniq_ijyb
D:5:      layout_basic, minmay_temple_entry_nine_rooms
D:6:      layout_cave_pools
D:7:      layout_rooms
D:8:      layout_rooms, xom_butterflies, enter_bailey_3,
          minmay_misc_feat_secret_circle, blue_anna_alchemist, uniq_maurice,
          uniq_psyche, uniq_prince_ribbit1
D:9:      lemuel_troll_bridge, layout_loops_ring,
          chequers_temple_overflow_minitemple, nicolae_transporter_intersection
D:10:     layout_irregular_city, gammafunk_temple_overflow_elements,
          dpeg_lair_monsters, uniq_nergalle
D:11:     layout_cross, serial_glass, glass_columns_a, glass_columns_a,
          portal_ice_cave_entry_imps
Temple:   nicolae_temple_bog_church

Skill      XL: |  1  2  3  4  5  6  7  8  9 10 11 |
---------------+----------------------------------+-----
Short Blades   | 3 5 7 |  7.5
Conjurations   | 2 3 4 5 6 |  6.0
Earth Magic    | 2 3 4 5 6 7 8 9 |  9.3
Spellcasting   | 4 |  4.1
Stealth        | 2 6 |  6.3
Dodging        | 3 4 |  4.0
Fighting       | 6 7 |  7.0
Invocations    | 4 6 |  6.9
Evocations     | 4 7 |  7.0
Throwing       | |  1.0
Translocations | |  3.0

Action                     |  1- 3 |  4- 6 |  7- 9 | 10-12 || total
---------------------------+-------+-------+-------+-------++-------
  Melee: Short sword       |    69 |   139 |       |       ||   208
         Constrict         |    16 |    33 |    64 |    17 ||   130
         Tentacles         |    12 |    30 |    65 |    47 ||   154
         Punch             |     2 |     2 |     5 |     2 ||    11
         Unarmed           |       |     9 |       |       ||     9
         Dagger            |       |       |   208 |   123 ||   331
   Cast: Blink             |       |     5 |     3 |     6 ||    14
         Stone Arrow       |       |     6 |    43 |    53 ||   102
         Lee's Rapid Decon |       |       |       |     7 ||     7
  Evoke: Wand              |       |       |       |    11 ||    11
    Use: Scroll            |       |     5 |     9 |     3 ||    17
         Potion            |       |     1 |     2 |     2 ||     5
   Stab: Sleeping          |     4 |    10 |     9 |     3 ||    26
 Armour: Skin              |     5 |    15 |    10 |     5 ||    35
  Dodge: Dodged            |    34 |    86 |   152 |   105 ||   377

Table legend: (Time is in decaauts)
 A = Elapsed time spent in this place.
 B = Non-inter-level travel time spent in this place.
 C = Inter-level travel time spent in this place.
 D = Time resting spent in this place.
 E = Time spent auto-exploring this place.
 F = Levels seen in this place.
 G = Mean time per level.
                   A        B        C        D        E       F      G
               +--------+--------+--------+--------+--------+-----+--------+
         Total |  11318 |  10688 |    630 |    191 |   8345 |  13 |  870.6 |
       Dungeon |  10164 |   9556 |    608 |    179 |   7554 |  11 |  924.0 |
        Temple |     70 |     48 |     22 |      0 |     34 |   1 |   70.0 |
        Bailey |   1084 |   1084 |      0 |     12 |    757 |   1 | 1084.0 |
               +--------+--------+--------+--------+--------+-----+--------+

Top non-repeatable levels by time:
     D:9: 2378 daAuts
     D:8: 1258 daAuts
     D:6: 1086 daAuts
  Bailey: 1084 daAuts
     D:3: 942 daAuts
     D:2: 825 daAuts
     D:4: 825 daAuts
     D:5: 790 daAuts
     D:1: 783 daAuts
    D:10: 760 daAuts
     D:7: 475 daAuts
  Temple: 70 daAuts
    D:11: 38 daAuts
